AoeStats
← Chigüiro

MegaRandom

509547042Analyzed
4v4 RM · 5d ago on Sep 27, 2026· 20m 2s· 8 players
Game mode
Random Map
Map size
Large (8 player)
Population
200
Speed
Normal
Resources
Standard
Victory
Conquest
Starting age
Dark Age
Ending age
Imperial Age
RankedLock teamsTeams togetherTeam positionsShared explorationLock speedFull tech treeHidden civsTurbo modeCheats
Victory
Defeat
🇻🇳 Saxons · Vietnam
1871
+6
🇧🇬 Khmer · Bulgaria
1796
+8
🇧🇩 Danes · Bangladesh
1754
+9
🇲🇽 Varangians · Mexico
1611
+13
🇨🇳 Muisca · China
1688
-13
🇨🇳 Mongols · China
1585
-9
🇨🇴 Teutons · Colombia
1578
-8
🇲🇩 Huns · Moldova
1497
-6
Zni.Locuss
7:24 Loom
10:00 Feudal Age
10:32 Double-Bit Axe
10:27 Horse Collar
16:01 Bloodlines
17:06 Wheelbarrow
20:28 Castle Age
19:00 Scale Barding Armor
19:11 Gold Mining
19:53 Forging
eL| Barry_Allen
9:43 Loom
11:59 Feudal Age
16:57 Castle Age
15:06 Scale Barding Armor
15:55 Horse Collar
16:37 Forging
16:40 Bloodlines
17:25 Double-Bit Axe
20:18 Husbandry
saymynameBook
7:03 Loom
9:24 Feudal Age
10:22 Double-Bit Axe
13:54 Fletching
19:59 Wheelbarrow
Vladimir Computin
7:05 Loom
11:00 Feudal Age
11:05 Man-at-Arms
13:39 Double-Bit Axe
16:14 Fletching
19:35 Castle Age
19:09 Padded Archer Armor
19:49 Gold Mining
20:00 Crossbowman
香辣鸡翅
10:53 Feudal Age
9:10 Loom
10:55 Feudal Age
13:44 Fletching
麦辣鸡翅
8:40 Loom
10:55 Feudal Age
11:47 Stone Mining
19:32 Fletching
solo rankeding
9:10 Loom
11:17 Feudal Age
13:05 Double-Bit Axe
13:10 Horse Collar
15:27 Scale Barding Armor
16:21 Forging
Chigüiro
4:47 Loom
9:42 Feudal Age
10:29 Double-Bit Axe
12:02 Town Watch
15:11 Scale Barding Armor
20:03 Forging
Connection lost

Rejoining the realm…

Still unreachable

The connection could not be restored.

Session expired

The server has moved on; the page needs a fresh start.